 Dungeon Crawl Stone Soup version 0.31.0-11-ge490571c62 (webtiles) character file.

Game seed: 16012517607406804581

177 qw the Skirmisher (level 5, -2/29 HPs)
             Began as a Deep Elf Hunter on Feb 3, 2024.
             Slain by Edmund
             ... wielding a +0 flail of pain
              (6 damage)
             ... on level 4 of the Dungeon.
             The game lasted 00:00:47 (2414 turns).

qw the Skirmisher (Deep Elf Hunter)                 Turns: 2414, Time: 00:00:48

Health: -2/29      AC:  9    Str: 10    XL:     5   Next: 30%
Magic:  7/7        EV: 16    Int: 14    God:
Gold:   137        SH:  0    Dex: 18    Spells: 4/4 levels left

rFire   . . .        a - +1 shortbow
rCold   + . .        (shield currently unavailable)
rNeg    . . .        c - +0 swamp dragon scales
rPois   +            b - +0 helmet
rElec   .            (no cloak)
rCorr   .            h - +0 pair of gloves
SInv    .            (no boots)
Will    .....        (no amulet)
Stlth   +            d - +5 ring of evasion
HPRegen 0.24/turn    n - ring of protection from cold
MPRegen 0.10/turn

%: no passive effects
@: hasted, very quick
A: no striking features
a: no special abilities


You were on level 4 of the Dungeon.
You visited 1 branch of the dungeon, and saw 4 of its levels.

You collected 137 gold pieces.


   Skills:
 - Level 1.5 Fighting
 + Level 8.2 Ranged Weapons
 - Level 1.5 Armour
 - Level 2.4 Dodging
 - Level 1.2 Stealth


You had 4 spell levels left.
You didn't know any spells.
Your spell library was empty.

Inventory:

Hand Weapons
 a - a +1 shortbow (weapon)
Armour
 b - a +0 helmet (worn)
 c - +0 swamp dragon scales (worn)
 h - a +0 pair of gloves (worn)
Jewellery
 d - a +5 ring of evasion (left hand)
 g - a ring of poison resistance
 n - a ring of protection from cold (right hand)
 Y - a ring of willpower
Scrolls
 f - a scroll of enchant armour {unknown}
Potions
 e - a potion of attraction {unknown}
 j - a potion of haste
 l - a potion of resistance

Dungeon Overview and Level Annotations

Branches:
Dungeon (4/15)
 Temple: D:4-7

Altars:
Gozag
Zin

Annotations:
D:3 3 runed translucent doors, qw's ghost, amateur SpHu
D:4 Edmund


Message History

Edmund hits you with a +0 flail of pain.
You shoot an arrow. The arrow hits Edmund.
Edmund is lightly wounded.
Edmund closely misses you.
You shoot an arrow.
The arrow hits Edmund but does no damage.
Edmund is lightly wounded.
Edmund hits you but does no damage.
You writhe in agony.
You shoot an arrow. The arrow hits Edmund!
Edmund is moderately wounded.
You shoot an arrow.
The arrow hits Edmund but does no damage.
Edmund is moderately wounded.
Edmund hits you with a +0 flail of pain.
You writhe in agony.
You shoot an arrow.
The arrow hits Edmund but does no damage.
Edmund is moderately wounded.
Edmund completely misses you.
You shoot an arrow. The arrow hits Edmund.
Edmund is heavily wounded.
Edmund closely misses you.
You shoot an arrow.
The arrow hits Edmund but does no damage.
Edmund is heavily wounded.
You shoot an arrow. The arrow hits Edmund.
Edmund is heavily wounded.
Edmund says, "A flail is better than a scythe, any day of the week!"
Edmund closely misses you.
You shoot an arrow. The arrow completely misses Edmund.
Edmund hits you but does no damage.
You writhe in agony.
You shoot an arrow. The arrow barely misses Edmund.
Edmund hits you with a +0 flail of pain.
You shoot an arrow.
The arrow hits Edmund but does no damage.
Edmund is heavily wounded.
You shoot an arrow. The arrow closely misses Edmund.
Edmund hits you with a +0 flail of pain.
You die...
Edmund says, "I'd like to see a scythe do that!"

### .... #J.####
#.)..# #####
#####@#
......#...@.#......
~~~~~.#.###.......#
~~~~~.#.# #.......#
~>_~~...# #........
~8.~~...###.......#
~~~~~.#...........#
~~~~~....<##.###..#
..................#
..###.....##.###..#


You could see Edmund.

Vanquished Creatures
  A bombardier beetle (D:3)
  An orc priest (D:3)
  4 adders
  2 dart slugs
  A ribbon worm (D:2)
  5 orcs
  7 endoplasms
  3 giant cockroaches
  5 goblins
  4 hobgoblins
  7 jackals
  3 quokkas
  4 ball pythons
  4 bats
  2 kobolds
  16 rats
69 creatures vanquished.

Notes
Turn   | Place    | Note
-------+----------+-------------------------------------------
     0 | D:1      | qw the Deep Elf Hunter began the quest for the Orb.
     0 | D:1      | Reached XP level 1. HP: 12/12 MP: 3/3
     0 | D:1      | 0 ||| qw: Version: 0.3-a-155-g5e7d8dd
     0 | D:1      | 0 ||| qw: Game counter: 3229
     0 | D:1      | 0 ||| qw: Melee chars always use a shield: true
     0 | D:1      | 0 ||| qw: God list: Okawaru
     0 | D:1      | 0 ||| qw: Allow faded altars: false
     0 | D:1      | 0 ||| qw: Do Orc after clearing Dungeon:15 true
     0 | D:1      | 0 ||| qw: Do second Lair branch before Depths: true
     0 | D:1      | 0 ||| qw: Lair rune preference: random
     0 | D:1      | 0 ||| qw: Goals: Normal
     0 | D:1      | 0 ||| PLANNING D:1-11
   118 | D:1      | Found a faded altar of an unknown god.
   154 | D:1      | Reached XP level 2. HP: 16/16 MP: 4/4
   155 | D:1      | Reached skill level 6 in Ranged Weapons
   553 | D:1      | Reached XP level 3. HP: 20/20 MP: 5/5
   781 | D:1      | 781 ||| UPGRADING to +0 pair of gloves.
   786 | D:1      | 786 ||| UPGRADING to +5 ring of evasion.
   787 | D:1      | 787 ||| UPGRADING to ring of poison resistance.
   788 | D:1      | 788 ||| READING 2 scrolls labelled QOIXI RE OTUOJOA.
   789 | D:1      | 789 ||| READING 2 scrolls labelled YSAJUT JOTANE.
   793 | D:1      | 793 ||| READING 2 scrolls labelled OBAFYN ZOIL.
   793 | D:1      | 793 ||| IDENTIFYING yellow potion
   794 | D:1      | 794 ||| READING scroll of identify.
   794 | D:1      | 794 ||| IDENTIFYING fuming golden potion
   795 | D:1      | 795 ||| READING scroll labelled APTESI WEOV.
   795 | D:1      | 795 ||| ENCHANTING +0 shortbow.
   796 | D:1      | 796 ||| DRINKING 3 fizzy silvery potions.
   797 | D:1      | 797 ||| DRINKING emerald potion.
   798 | D:1      | 798 ||| DROPPING scroll of butterflies.
   799 | D:1      | 799 ||| DROPPING scroll of noise.
   800 | D:1      | 800 ||| DROPPING 2 potions of ambrosia.
   801 | D:1      | 801 ||| DROPPING potion of degeneration.
   951 | D:2      | Reached skill level 7 in Ranged Weapons
  1451 | D:2      | 1451 ||| UPGRADING to +0 helmet.
  1456 | D:2      | 1456 ||| UPGRADING to +0 scale mail.
  1466 | D:2      | 1466 ||| DROPPING +0 leather armour.
  1467 | D:2      | 1467 ||| READING scroll of identify.
  1467 | D:2      | 1467 ||| IDENTIFYING 2 sapphire potions
  1730 | D:3      | Reached XP level 4. HP: 25/25 MP: 6/6
  1764 | D:3      | Reached skill level 8 in Ranged Weapons
  1834 | D:3      | Found a runed translucent gate.
  1869 | D:3      | HP: 5/25 [orc priest/divine providence (9)]
  1870 | D:3      | 1870 ||| READING scroll of teleportation.
  1872 | D:3      | Reached skill level 1 in Armour
  1872 | D:3      | Reached XP level 5. HP: 6/29 MP: 7/7
  2181 | D:3      | Found the +7 staff of the Meek {protect, meekguard}
  2209 | D:3      | Found a runed translucent gate.
  2209 | D:3      | Found a runed translucent gate.
  2210 | D:3      | Found an opulent altar of Gozag.
  2210 | D:3      | Noticed qw's ghost (amateur SpHu)
  2319 | D:3      | Noticed a black bear
  2322 | D:3      | 2322 ||| UPGRADING to +0 swamp dragon scales.
  2332 | D:3      | 2332 ||| REMOVING ring of poison resistance.
  2333 | D:3      | 2333 ||| DROPPING +0 scale mail.
  2334 | D:3      | 2334 ||| UPGRADING to ring of willpower.
  2335 | D:3      | 2335 ||| UPGRADING to ring of protection from cold.
  2360 | D:4      | Found a glowing silver altar of Zin.
  2382 | D:4      | 2382 ||| FLEEEEING.
  2389 | D:4      | Noticed Edmund
  2390 | D:4      | 2390 ||| DRINKING 2 potions of haste.
  2406 | D:4      | HP: 6/29 [Edmund/+0 flail of pain (6)]
  2411 | D:4      | HP: 4/29 [Edmund/+0 flail of pain (1)]
  2414 | D:4      | Slain by Edmund

Levels and vault maps discovered:
D:1:      ncdulo_halloftheorcs, layout_loops_cross,
          hellmonk_ecumenical_altar_run_dry, minmay_pentomino_x2
D:2:      layout_basic
D:3:      layout_basic, ebering_ghost_gozag, pf_guarded_unrand_meek
D:4:      layout_loops_ring, nemelex_xobeh_ov_fountains_minmay,
          general_overflow_altar, chequers_serial_rivers_marsh,
          corexii_leaking_fountain, guppyfry_early_orc_mine, uniq_menkaure,
          uniq_edmund

Skill      XL: |  1  2  3  4 |
---------------+-------------+-----
Ranged Weapons | 6 7 8 |  8.2
Armour         | 1 |  1.5
Fighting       | |  1.5
Dodging        | |  2.4
Stealth        | |  1.2

Action                     |  1- 3 |  4- 6 || total
---------------------------+-------+-------++-------
   Fire: Shortbow          |   138 |    75 ||   213
    Use: Scroll            |     6 |     1 ||     7
         Potion            |     2 |     1 ||     3
 Armour: Leather armour    |    19 |       ||    19
         Scale mail        |       |     9 ||     9
         Swamp dragon scal |       |    12 ||    12
  Dodge: Dodged            |    23 |    49 ||    72

Table legend:
 A = Non-vault XP
 B = Vault XP
 C = Vault XP percentage of total XP
 D = Non-vault monster count
 E = Vault monster count
 F = Vault count percentage of total count
                 A         B        C        D         E       F
            +---------+---------+-------+---------+---------+-------
      Total |     201 |      52 |  20.6 |      64 |       5 |   7.2
            +---------+---------+-------+---------+---------+-------
        D:1 |      51 |       0 |   0.0 |      34 |       0 |   0.0
        D:2 |      33 |       0 |   0.0 |      10 |       0 |   0.0
        D:3 |     114 |      52 |  31.3 |      19 |       5 |  20.8
        D:4 |       3 |       0 |   0.0 |       1 |       0 |   0.0
            +---------+---------+-------+---------+---------+-------
